 Dungeon Crawl Stone Soup version 0.20-a0-556-g892c87b (webtiles) character file.

16 Amnesiac the Magician (level 2, -1/22 HPs)
             Began as a Mummy Skald on Feb 4, 2017.
             Slain by a worker ant (4 damage)
             ... on level 4 of the Dungeon.
             The game lasted 00:01:48 (727 turns).

Amnesiac the Magician (Mummy Skald)                  Turns: 727, Time: 00:01:48

Health: -1/22      AC:  2    Str: 14    XL:     2   Next: 37%
Magic:  5/6        EV: 12    Int: 12    God:
Gold:   51         SH:  0    Dex: 11    Spells: 4/7 levels left

rFire    x . .     SeeInvis .   a - +1 spear
rCold    + . .     Gourm    .   e - +0 robe (curse)
rNeg     + + +     Faith    .   (no shield)
rPois    ∞         Spirit   .   (no helmet)
rElec    .         Reflect  .   (no cloak)
rCorr    .         Harm     .   (no gloves)
MR       .....                  (no boots)
Stlth    +.........             (no amulet)
Regen    0.1/turn               (no ring)
                                (no ring)

@: very slightly contaminated
A: no food or potions, fire vulnerability, cold resistance 1, negative energy
resistance 3, torment resistance, unbreathing
a: no special abilities


You were on level 4 of the Dungeon.
You were not hungry.

You visited 1 branch of the dungeon, and saw 4 of its levels.

You collected 51 gold pieces.

Inventory:

Hand Weapons
 a - a +1 spear (weapon)
Armour
 b - a +0 leather armour
 e - a cursed +0 robe (worn)
Books
 c - a book of Battle

   Spells                             Type                      Level
   a - Infusion                       Charms                       1
   b - Shroud of Golubria             Charms/Translocation         2
   c - Song of Slaying                Charms                       2
   d - Spectral Weapon                Hexes/Charms                 3
   e - Regeneration                   Charms/Necromancy            3


   Skills:
 - Level 2.0 Fighting
 - Level 2.0 Polearms
 - Level 0.7 Armour
 - Level 1.5 Dodging
 + Level 3.4 Spellcasting
 - Level 2.4 Charms


You had 4 spell levels left.
You knew the following spells:

 Your Spells              Type           Power        Failure   Level  Hunger
a - Song of Slaying       Chrm           #.......     14%         2    N/A
b - Infusion              Chrm           #...         12%         1    N/A

Dungeon Overview and Level Annotations

Branches:
Dungeon (4/15)
 Temple: D:4-7

Altars:


Innate Abilities, Weirdness & Mutations

You do not eat or drink.
Your flesh is vulnerable to fire.
You are immune to poison.
Your flesh is cold resistant. (rC+)
You are immune to negative energy. (rN+++)
You are immune to unholy pain and torment.
You can survive without breathing.


Message History

Attack whom?
Press: ? - help, Dir - move target cursor, f - worker ant
Aim: a worker ant (moderately wounded, inner flame)
You reach to attack!
You hit the worker ant.
The worker ant is severely wounded.
You completely miss the worker ant.
The worker ant is severely wounded.
You are no longer magically infusing your attacks.
The worker ant closely misses you.
You barely miss the worker ant.
The worker ant is severely wounded.
The worker ant misses you. The worker ant bites you.
* * * LOW HITPOINT WARNING * * *
You hit the worker ant.
The worker ant is almost dead.
The worker ant closely misses you.
You hit the worker ant.
The worker ant is almost dead.
The worker ant bites you.
You die...

.....#.<.......#
.....#######...# ....†#
##..# ....a# #..##
.....###### ##..#
..........## #..#
...........# ##.#
...........# #a##
....$......# ##@###
..........## #.#.##
.........## ###....##
.......### ##.......##
.......# ###.........##
.......# ##............##
........##..............##
#................##
#................#


You could see a worker ant (inner flame).

Vanquished Creatures
  A dart slug (D:3)
  3 goblins
  2 hobgoblins
  A quokka (D:4)
  4 bats
  2 rats (D:3)
13 creatures vanquished.

Notes
Turn   | Place    | Note
-------+----------+-------------------------------------------
     0 | D:1      | Amnesiac the Mummy Skald began the quest for the Orb.
     0 | D:1      | Reached XP level 1. HP: 16/16 MP: 4/4
   440 | D:3      | Reached XP level 2. HP: 22/22 MP: 3/5
   505 | D:4      | Reached skill level 3 in Spellcasting
   655 | D:3      | Learned a level 2 spell: Song of Slaying
   727 | D:4      | Slain by a worker ant

Vault maps used:
D:1:      dpeg_arrival_leaves_temple_mockup
D:2:      first_bread, nicolae_tso_carved_into_rock
D:4:      serial_shops, shop_fountains

Skill      XL: |  1  2 |
---------------+-------+-----
Polearms       | 2 |  2.0
Spellcasting   | 3 |  3.4
Fighting       | |  2.0
Armour         | |  0.7
Dodging        | |  1.5
Charms         | |  2.4

Action                   || total
-------------------------++-------
Melee: Spear             ||    52
 Cast: Infusion          ||     6
  Use: Scroll            ||     3
 Stab: Sleeping          ||     1
Armor: Robe              ||    12
Dodge: Dodged            ||    35
